[Event "FRA-ch Teams Top 16-B 2022"]
[Site "Chartres"]
[Date "2022.06.12"]
[Round "4.9"]
[White "Van Foreest, Jorden"]
[Black "Rouler, Charly"]
[Result "1-0"]
[ECO "B41"]
[WhiteElo "2715"]
[BlackElo "2345"]
[Annotator "TA"]
[PlyCount "53"]
[EventDate "2022.06.09"]
[EventType "team-tourn"]
[EventCountry "FRA"]
[SourceTitle "playchess.com"]
[Source "ChessBase"]
[SourceQuality "1"]
[TimeControl "40/5400+30:1800+30"]

1. e4 c5 2. Nf3 e6 3. d4 cxd4 4. Nxd4 a6 5. c4 Nf6 6. Nc3 d6 7. Be3 Be7 {[%emt 0:00:13] B41: Sicilian: Kan Variation: 5 c4.} 8. g4 $5 {[%emt 0:00:42][%cal Bg2g4,Bg4g5][%mdl 4] Leaves trodden paths.} Nc6 9. g5 {[%emt 0:00:17] Strongly threatening Nxc6.} Nd7 {[%emt 0:00:07] White is slightly better.} 10. h4 {[%emt 0:00:13] [#]} Nxd4 $146 ({Predecessor:} 10... Nde5 11. f4 Nd7 12. Qd2 Nxd4 13. Bxd4 e5 14. Be3 exf4 15. Bxf4 O-O 16. Bxd6 Nc5 {0-1 (33) Deac,B (2625)-Martemianov,I (2365) Chess.com INT 2020}) 11. Qxd4 O-O 12. f4 $36 {[%emt 0:00:06][%mdl 2048] White has the initiative. White is more active.} e5 {[%emt 0:02:11] [#]} 13. Qd2 {[%emt 0:00:09] And now f5 would win.} exf4 14. Bxf4 Ne5 {[%emt 0:00:40] [#]} (14... f6 $1 $14) 15. O-O-O $1 $16 {[%emt 0:00:05][%cal Oc4c5] Hoping for c5!} Be6 16. c5 (16. Kb1 $16) 16... Bg4 $2 {[%emt 0:12:52] A mistake that costs the game.} (16... Qa5 $1 $11 {and Black is okay.}) 17. cxd6 $18 Bxd6 (17... Bxd1 $2 18. Bxe5 Bxd6 19. Bxd6 $18 (19. Qxd6 Bg4 $18)) 18. Qxd6 Bxd1 19. Bxe5 ({Don't play} 19. Qxd1 $6 Qxd1+ 20. Kxd1 Rad8+ 21. Kc2 Rfe8 $18) 19... Bg4 20. Bc4 Qxd6 21. Bxd6 {[%emt 0:00:07] A strong pair of Bishops.} Rfd8 22. e5 Be6 23. Bxe6 fxe6 24. Kd2 Rac8 25. Ke3 Rc4 26. Ne2 Rg4 (26... Ra4 $142 27. a3 Rg4) 27. Nf4 {[%emt 0:00:22] Weighted Error Value: White=0.11 (very precise) /Black=0.41} 1-0

[Event "FRA-ch Teams Top 16-B 2022"]
[Site "Chartres"]
[Date "2022.06.12"]
[Round "4.10"]
[White "Marzolo, Cyril"]
[Black "Amin, Bassem"]
[Result "0-1"]
[ECO "D00"]
[WhiteElo "2376"]
[BlackElo "2686"]
[Annotator "TA"]
[PlyCount "48"]
[EventDate "2022.06.09"]
[EventType "team-tourn"]
[EventCountry "FRA"]
[SourceTitle "playchess.com"]
[Source "ChessBase"]
[SourceQuality "1"]
[TimeControl "40/5400+30:1800+30"]

1. d4 Nf6 2. Nf3 g6 3. Nc3 d5 4. Bf4 Bg7 5. Nb5 Na6 6. e3 {[%emt 0:00:05] D00: 1 d4 d5: Unusual lines.} c6 7. Nc3 Nc7 8. h3 {[%emt 0:00:07] The position is equal.} O-O 9. Be2 Nce8 10. O-O Nd6 11. Ne5 Nd7 12. Nxd7 {[%emt 0:01:41] [#]} Bxd7 $146 ({Predecessor:} 12... Qxd7 13. Re1 Re8 14. Bf3 f5 15. Na4 e5 16. Bxe5 Bxe5 17. dxe5 Nc4 18. Nc5 Qg7 {½-½ (33) Chitlange,S (2196)-Das,S (2418) Pune 2019}) 13. b3 Re8 14. Bf3 Bf5 15. g4 Be6 16. Be5 f6 17. Bg3 Qd7 18. Bg2 Bf7 19. f4 Rad8 20. Qd3 g5 21. Rad1 f5 22. fxg5 fxg4 {[%emt 0:00:27] ...e5 is the strong threat.} 23. h4 $1 Bg6 24. Qe2 {[%emt 0:00:23] [#]} (24. e4 $1 $15) 24... Nf5 $1 {[%emt 0:00:34] Weighted Error Value: White=0.21 (precise) /Black=0.04 (flawless)} 0-1

[Event "FRA-ch Teams Top 16-B 2022"]
[Site "Chartres"]
[Date "2022.06.12"]
[Round "4.11"]
[White "Vocaturo, Daniele"]
[Black "Crut, Aurelien"]
[Result "1/2-1/2"]
[ECO "C03"]
[WhiteElo "2608"]
[BlackElo "2355"]
[Annotator "TA"]
[PlyCount "240"]
[EventDate "2022.06.09"]
[EventType "team-tourn"]
[EventCountry "FRA"]
[SourceTitle "playchess.com"]
[Source "ChessBase"]
[SourceQuality "1"]
[TimeControl "40/5400+30:1800+30"]

1. e4 e6 2. d4 d5 3. Nc3 Be7 4. Bd3 Nc6 5. Nf3 Nb4 6. Be2 dxe4 7. Nxe4 Nf6 8. Nxf6+ Bxf6 9. a3 Nc6 10. Bb5 Bd7 11. O-O O-O 12. Re1 Ne7 13. Bf1 Ng6 14. c3 Bc6 15. Bd3 Re8 16. Bxg6 hxg6 17. Bf4 b6 18. Ne5 Bb7 19. Qg4 Qe7 20. Nc4 Rad8 21. Qg3 Bh4 22. Qh3 Bf6 23. Qg3 Bh4 24. Qe3 Bf6 25. Rad1 Qd7 26. Qg3 Rc8 (26... Qb5 $5 27. Qd3 Ba6 $15) 27. Be5 Qc6 28. Ne3 Bxe5 29. dxe5 Rcd8 30. Qg5 Rd7 31. h4 Ree7 32. Qg4 Rxd1 33. Rxd1 Rd7 34. Rd4 Rxd4 35. Qxd4 Qe8 36. f4 Bc6 37. Kf2 Qe7 38. g3 Kf8 39. b4 Qd7 40. Qxd7 Bxd7 41. Ke2 Bb5+ 42. c4 Ba6 43. Kd3 Ke7 44. Kd4 Bb7 45. Nd1 Kd7 46. Nc3 Bc6 47. a4 Kc8 48. c5 Kd7 49. Kc4 Kc8 50. b5 Bg2 51. Kb4 Bf3 52. a5 Kb7 53. Nb1 Be4 54. Nd2 Bd5 55. Nf1 (55. a6+ $16 Kc8 56. c6) 55... Bf3 56. Ne3 (56. c6+ $14 Kc8 57. a6) 56... Be2 (56... bxa5+ $11 57. Kxa5 c6) 57. Nc2 Bd3 58. Nd4 Be4 $1 59. g4 Kc8 60. g5 Kb7 61. Ne2 Bf3 62. Nc3 Kc8 63. Na4 Kb7 64. Nb2 Be2 65. Na4 Bf3 66. Nc3 Kc8 $1 67. Nb1 Kb7 68. Nd2 Bd5 69. Nf1 (69. a6+ $14 Kc8 70. cxb6 cxb6 71. Kc3) 69... Bf3 70. Nd2 Bd5 $1 71. Nb1 ({White should try} 71. c6+ $14 Kc8 72. a6) 71... Be4 (71... Bf3 $11) 72. Nc3 Bf3 73. cxb6 cxb6 74. axb6 axb6 75. Kc4 Kc7 76. Kd4 Bg2 77. Ke3 Kd7 78. Kf2 Bb7 79. Kg3 Ba8 80. Kg4 Bg2 81. Kg3 Bb7 (81... Ba8 $11) 82. Ne2 (82. Kf2 $1 $14) 82... Be4 $11 83. Nd4 Bd3 84. Kf2 Ke7 85. Ke3 Bf1 86. Kd2 Kd7 87. Kc3 Ke7 88. Kb4 Bd3 89. Nb3 Kd7 90. Nc1 Bf1 91. Na2 Bd3 92. Nc3 Kc7 93. Nd1 Kd7 94. Nf2 Bc2 95. Kc3 Bf5 96. Kd4 Bc2 97. Kc3 Bf5 98. Nd1 Bg4 $1 99. Nf2 Bf5 100. Kd4 Bc2 101. Nh1 Ba4 102. Kc4 Bd1 103. Ng3 Bf3 104. Kd4 Ke7 105. Ke3 Bd5 106. Ne2 Bc4 107. Nc3 Bf1 108. Kd4 Kd8 109. Ke3 Ke7 110. Na4 Bxb5 111. Nxb6 Bc6 112. Kd4 Bf3 113. Kc5 Bg2 114. Nc4 Bd5 115. Nd6 Bf3 116. Kd4 Bg2 117. Ke3 Bc6 118. Kf2 Bd5 119. Kg3 Bb3 120. Kg4 Bd1+ 1/2-1/2

[Event "FRA-ch Teams Top 16-B 2022"]
[Site "Chartres"]
[Date "2022.06.12"]
[Round "4.12"]
[White "Buscara, Sevan"]
[Black "Libiszewski, Fabien"]
[Result "1/2-1/2"]
[ECO "E70"]
[WhiteElo "2385"]
[BlackElo "2514"]
[Annotator "TA"]
[PlyCount "48"]
[EventDate "2022.06.09"]
[EventType "team-tourn"]
[EventCountry "FRA"]
[SourceTitle "playchess.com"]
[Source "ChessBase"]
[SourceQuality "1"]
[TimeControl "40/5400+30:1800+30"]

1. d4 Nf6 2. c4 g6 3. Nc3 Bg7 4. e4 d6 5. Bd3 O-O 6. Nge2 Nc6 7. O-O Nh5 8. Be3 e5 9. d5 Nd4 {[%emt 0:00:40] E70: King's Indian: Miscellaneous lines with 4 e4, including 5 Nge2 and 5 Bd3 0-0 6 Nge2.} 10. Nb5 Nxe2+ 11. Bxe2 a6 {[%emt 0:19:36] White is slightly better.} 12. Nc3 Nf4 13. Bf3 {[%emt 0:06:00] [#]} f5 $146 ({Predecessor:} 13... b6 14. b4 a5 15. a3 f5 16. Qb3 Qh4 17. Kh1 axb4 18. axb4 Rxa1 19. Rxa1 Nh5 {0-1 (43) Stanisz,P (2099)-Brown,T (2060) England 2017}) 14. exf5 gxf5 (14... Bxf5 $11 15. Ne4 Qh4) 15. Bxf4 $16 exf4 16. Qd2 Qh4 17. Ne2 Be5 18. g3 ({White should play} 18. Nc1 $16) 18... fxg3 $11 {[%emt 0:01:07] The position is equal.} 19. fxg3 Qf6 20. Rab1 Bd7 21. b4 Kh8 22. Rb3 b6 23. Kh1 a5 24. b5 Rae8 {[%emt 0:02:34] Weighted Error Value: White=0.08 (flawless) /Black=0.09 (flawless)} 1/2-1/2

[Event "FRA-ch Teams Top 16-B 2022"]
[Site "Chartres"]
[Date "2022.06.12"]
[Round "4.13"]
[White "Kosteniuk, Alexandra"]
[Black "Brailly-Vignal, Bastien"]
[Result "1-0"]
[ECO "B23"]
[WhiteElo "2513"]
[BlackElo "2372"]
[Annotator "TA"]
[PlyCount "109"]
[EventDate "2022.06.09"]
[EventType "team-tourn"]
[EventCountry "FRA"]
[SourceTitle "playchess.com"]
[Source "ChessBase"]
[SourceQuality "1"]
[TimeControl "40/5400+30:1800+30"]

1. e4 c5 2. Nc3 d6 3. f4 Nc6 4. Nf3 g6 5. Bb5 Bd7 6. d3 {[%emt 0:06:57] B23: Closed Sicilian: Lines without g3.} Bg7 7. Bc4 e6 8. f5 {[%emt 0:00:47] The position is equal.} Nd4 {[%emt 0:04:39] [#] Prevents Nb5.} 9. fxe6 $146 ({Predecessor:} 9. O-O gxf5 10. Ng5 b5 11. Nxf7 Qe7 12. Nxh8 O-O-O 13. Nf7 Qxf7 14. Bb3 Bc6 15. Ne2 {1-0 (23) Farrand,T (2256)-Roos,D (1967) Ghent 2010}) 9... fxe6 10. Nxd4 (10. O-O $5 ) 10... cxd4 11. Ne2 Qh4+ 12. g3 Qh5 13. Qd2 b5 14. Bb3 Nh6 15. O-O (15. Nf4 $5 Qe5 16. Qa5 $14) 15... Ng4 $2 (15... e5 $1 $11) 16. Nf4 $1 $36 {[%emt 0:00:18][%csl LRe6,LRh5][%mdl 2048] Keeping Black busy.} Qe5 17. Qe2 {[%emt 0:03:26] Against Ne3} Nf6 18. c3 ({White should play} 18. Rf2) 18... O-O 19. cxd4 Qxd4+ 20. Be3 (20. Rf2 $142) 20... Qe5 21. Rac1 {[%emt 0:00:19] And now Rc7 would win.} Rac8 {[%emt 0:04:54] Inhibits Rc7.} ({Better is} 21... Kh8) 22. Rxc8 {[%emt 0:02:42] White is more active.} Rxc8 23. Bxa7 {[%emt 0:00:15][%cal Of4e6] [#] Threatens to win with Nxe6!} d5 24. exd5 Qxe2 25. Nxe2 Nxd5 26. Bd4 Nb4 27. Bxg7 Kxg7 28. d4 Rc6 29. Rd1 {[%emt 0:06:12] Prevents Nd3.} Rd6 30. Nc3 Bc6 31. a3 Na6 32. Kf2 b4 33. Ne2 Kf6 (33... Bd5 $16) 34. Rc1 (34. a4 $18) 34... bxa3 35. bxa3 Bd5 36. Bxd5 Rxd5 {[%emt 0:00:13][%mdl 4096] Endgame KRN-KRN} 37. Rc4 Ke7 38. Nc3 Rf5+ 39. Ke2 Rh5 40. h4 Kd7 {[%emt 0:01:48] A mistake that costs the game.} (40... g5 $16 {might work better.}) 41. Ne4 $18 Ra5 42. a4 Ke7 43. Nc3 g5 (43... e5 $16 44. Kd3 Kd6 45. Ne4+ Ke7) 44. h5 Rf5 (44... g4 $142 45. h6 Kf6 46. Ne4+ Kg6) 45. Rc6 Nb8 46. Rc7+ Nd7 47. Ra7 {[%emt 0:00:00] Against Ra5} h6 48. Ne4 {[%emt 0:00:00] [#] Nc5 is the strong threat.} Kd8 49. Ra8+ Ke7 50. Rh8 {[%emt 0:00:00] Hoping for Rh7+.} Nf8 {[%emt 0:00:41] Prevents Rh7+.} 51. Rxh6 g4 $2 (51... Ra5 52. Rh8 Rxa4 53. Nxg5 Ra3) 52. Rh8 {[%emt 0:00:00] White is clearly winning.} Ra5 53. h6 Rxa4 54. h7 {[%emt 0:00:22][%cal Oh8f8] Threatening mate with Rxf8!} Ra2+ 55. Nd2 {[%emt 0:00:41] Weighted Error Value: White=0.14 (very precise) /Black=0.25 (precise)} 1-0

[Event "FRA-ch Teams Top 16-B 2022"]
[Site "Chartres"]
[Date "2022.06.12"]
[Round "4.14"]
[White "Astolfi, Frederic"]
[Black "Delorme, Axel"]
[Result "0-1"]
[ECO "A46"]
[WhiteElo "2144"]
[BlackElo "2461"]
[Annotator "TA"]
[PlyCount "80"]
[EventDate "2022.06.09"]
[EventType "team-tourn"]
[EventCountry "FRA"]
[SourceTitle "playchess.com"]
[Source "ChessBase"]
[SourceQuality "1"]
[TimeControl "40/5400+30:1800+30"]

1. d4 Nf6 2. Nf3 e6 3. Bg5 h6 4. Bh4 d6 5. Nbd2 g5 6. Bg3 {[%emt 0:00:33] A46: 1 d4 Nf6 2 Nf3 e6: Torre, London and Colle Systems.} Nh5 7. e3 Bg7 8. Bd3 {[%emt 0:05:59] The position is equal.} Nd7 9. c3 Qe7 10. Qe2 a6 11. O-O-O b5 12. Nb3 {[%emt 0:15:16] [#]} Nb6 $146 ({Predecessor:} 12... O-O 13. Nbd2 Nxg3 14. hxg3 c5 15. dxc5 Nxc5 16. Bc2 Rb8 17. Nd4 Bd7 18. Rh5 b4 {0-1 (26) Stefanova,A (2480)-Georgiev,K (2675) Recklinghausen 1998}) 13. Nfd2 Nxg3 14. hxg3 Bd7 15. Na5 $1 Na4 16. Qf3 d5 17. Ndb3 c5 18. dxc5 Nxc5 19. Nxc5 (19. e4 $11) 19... Qxc5 $15 20. Nb3 Qc7 21. Kb1 Rb8 22. e4 dxe4 23. Bxe4 {[%emt 0:00:44][%cal Od1d7] Rxd7! is the strong threat.} Ke7 {[%emt 0:04:54] [#]} (23... b4 $2 24. Rxd7 $1 Qxd7 25. Bc6 Qxc6 26. Qxc6+ $18) 24. Nd4 (24. Nc5 $1 $14 Bc8 25. Qe3) 24... b4 $11 {[%emt 0:02:47] aiming for ...bxc3.} 25. c4 Ba4 {[%emt 0:06:56] This bishop pair is nice.} 26. Nc6+ Bxc6 {[%emt 0:00:36] Chess con chili.} 27. Bxc6 {[%emt 0:00:08] Black must now prevent Rd7+.} Rhd8 {[%emt 0:00:47][%cal Og5g4] Against Rd7+. Threatens to win with ...g4!} 28. Rhe1 Rxd1+ 29. Rxd1 {[%emt 0:00:02] Strongly threatening Rd7+.} Rd8 $40 {[%emt 0:00:30][%mdl 128] Prevents Rd7+. White needs to defend precisely.} 30. Rxd8 Qxd8 $15 {[%emt 0:00:27][%mdl 4096] Endgame KQB-KQB} 31. Ba4 Qd2 ({Black should play} 31... Be5 $15 32. Qe4 (32. Qb7+ Kf6 $15) 32... Qd4 33. Qxd4 Bxd4) 32. Bc2 (32. Qb7+ $11 {remains equal.} Kf6 33. Qf3+ Kg6 34. Qe4+ Kf6 35. Qf3+ Kg6 36. Qe4+ Kf6 37. Qf3+) 32... Bd4 $17 33. Qd1 (33. a3 $17) 33... Qxf2 $19 34. g4 a5 35. Qd3 (35. Qf3 $142) 35... Kd6 ({Black should try} 35... Be5 $19 36. a3 Qxg2 37. axb4 axb4) 36. Kc1 Kc5 {[%emt 0:00:29] 0x0.001b68ae4f14dp-1022s more active pieces.} 37. b3 $2 {[%emt 0:00:30] This costs White the game.} (37. Qf3 $17) 37... Qxg2 38. Qe4 Qf1+ 39. Bd1 Qf2 40. Bf3 $2 (40. Qe2 $19) 40... Be3+ {[%emt 0:00:45] Weighted Error Value: White=0.63/Black=0.19 (very precise)} 0-1

[Event "FRA-ch Teams Top 16-B 2022"]
[Site "Chartres"]
[Date "2022.06.12"]
[Round "4.15"]
[White "Harutyunyan, Ruben"]
[Black "Jrade, Willis"]
[Result "1-0"]
[ECO "B41"]
[WhiteElo "2381"]
[BlackElo "2129"]
[Annotator "TA"]
[PlyCount "85"]
[EventDate "2022.06.09"]
[EventType "team-tourn"]
[EventCountry "FRA"]
[SourceTitle "playchess.com"]
[Source "ChessBase"]
[SourceQuality "1"]
[TimeControl "40/5400+30:1800+30"]

1. e4 c5 2. Ne2 e6 3. d4 cxd4 4. Nxd4 a6 5. c4 Nf6 6. Nc3 d6 7. Be2 Be7 8. Be3 O-O 9. O-O b6 10. Qd2 Bb7 11. f3 Qc7 12. Rfc1 $1 {[%emt 0:00:04] White is more active. 12.Rfc1 is better than 12.Rac1. B41: Sicilian: Kan Variation: 5 c4.} Rc8 13. a4 Qd8 14. a5 {[%emt 0:02:44] White is slightly better.} bxa5 15. Nb3 Nc6 16. Na4 $1 {[%emt 0:00:04] aiming for Nb6.} Nd7 {[%emt 0:00:30] [#] Against Nb6} 17. Rd1 $146 (17. c5 {seems wilder.} dxc5 18. Nbxc5 Nxc5 19. Qxd8+ Nxd8 20. Nxc5 Bc6 21. Rxa5 Rcb8 22. Rc2) ({Predecessor:} 17. Bf1 Rab8 18. Qf2 Ba8 19. Nd4 Nce5 20. h3 Bh4 21. g3 Bf6 22. f4 Nc6 23. Bg2 {0-1 (33) Kozhuharov,S (2422)-Milanovic,D (2455) Chess.com INT 2020}) 17... Rab8 18. c5 Nxc5 19. Nbxc5 dxc5 20. Nxc5 Qxd2 21. Rxd2 {[%emt 0:00:30] Hoping for Nd7.} Bxc5 22. Bxc5 Rd8 23. Rad1 Rxd2 24. Rxd2 Rd8 25. Rxd8+ Nxd8 $11 {[%emt 0:00:30][%mdl 4096] Endgame KBB-KBN} 26. Kf2 f6 27. Ke3 {[%emt 0:00:30][%mdl 1024] White has compensation.} Kf7 28. Bc4 g6 29. Kd3 g5 30. Bd6 Bc8 31. Kd4 Ke8 32. Kc5 Kd7 {[%emt 0:00:30] Inhibits Bc7. Threatens to win with ...Nb7+.} 33. Bg3 Nc6 34. Bb3 (34. Kb6 $16) 34... Nb4 $1 35. Ba4+ Kd8 $2 {[%emt 0:00:10] A mistake that costs the game.} (35... Ke7 $1 $11) 36. Kd6 $1 $18 {[%emt 0:04:55] White threatens Bf2 and mate.} Nd3 {[%emt 0:00:31] Inhibits Bf2.} 37. b3 h6 38. h4 Nb2 $2 (38... Bb7 {might work better.} 39. Kxe6 Nc5+ 40. Kxf6 Nxa4) 39. Bc6 $1 {[%emt 0:00:27] Intending Bf2 and mate.} Nd3 {[%emt 0:00:21] [#] Inhibits Bf2.} 40. Bh2 Nb4 {[%emt 0:00:30] [#]} 41. Ba4 {[%emt 0:30:30] Bg1 would kill now.} gxh4 (41... Bb7 $18 42. Bg1 Kc8 43. hxg5 hxg5) 42. Bg1 Bb7 43. Bd7 {[%emt 0:00:30] Weighted Error Value: White=0.06 (flawless) /Black=0.39} 1-0

[Event "FRA-ch Teams Top 16-B 2022"]
[Site "Chartres"]
[Date "2022.06.12"]
[Round "4.16"]
[White "Djidjeli, Sarah"]
[Black "Afraoui, Anaelle"]
[Result "0-1"]
[ECO "B51"]
[WhiteElo "2040"]
[BlackElo "2115"]
[Annotator "TA"]
[PlyCount "161"]
[EventDate "2022.06.09"]
[EventType "team-tourn"]
[EventCountry "FRA"]
[SourceTitle "playchess.com"]
[Source "ChessBase"]
[SourceQuality "1"]
[TimeControl "40/5400+30:1800+30"]

1. e4 c5 2. Nf3 Nc6 3. Bb5 d6 4. O-O Bd7 5. Re1 Nf6 6. c3 a6 7. Bf1 Bg4 8. d3 g6 9. Nbd2 {[%emt 0:07:08] [#]} b5 $146 {[%emt 0:16:54] B51: Sicilian: Moscow Variation (3 Bb5+) without 3...Bd7.} ({Predecessor:} 9... Bg7 10. h3 Bxf3 11. Nxf3 O-O 12. d4 cxd4 13. cxd4 Rc8 14. a3 e6 15. Qb3 Na5 16. Qb4 d5 17. e5 Ne4 {1-0 (45) Hammer,J (2635)-Movsesian,S (2654) chess24.com INT 2020}) 10. h3 Bxf3 11. Nxf3 Bg7 {[%emt 0:00:05] White is slightly better.} 12. a4 b4 13. a5 O-O 14. Qa4 Qc7 15. d4 bxc3 16. bxc3 Nd7 (16... d5 $1 $11) 17. Be3 Rfb8 18. Bc4 {[%emt 0:00:00][%cal Oc4f7] Threatens to win with Bxf7+!} Ra7 $2 {[%emt 0:12:11] [#]} (18... h6 $14) 19. Bxf7+ $1 $18 Kh8 (19... Kxf7 20. Qc4+) 20. Qa2 cxd4 (20... Rb5 {keeps fighting.} 21. Ng5 Rxa5) 21. cxd4 Nb4 22. Qe6 (22. Qa4 $142) 22... Nf8 23. Qg4 Qd7 (23... Nc2 $142) 24. Qh4 $2 (24. Qxd7 $18 {has better winning chances.} Rxd7 25. Reb1) 24... e5 (24... Nc2 $16) 25. Bc4 {[%emt 0:00:00] dxe5 is the strong threat.} Nc2 {[%emt 0:04:48] [#]} 26. Ng5 ({White has to play} 26. dxe5 $1 $18 Rc7 (26... Nxe1 27. Rxe1) 27. Bxa6 $1) 26... Nxe1 ({Better is} 26... exd4 $14 27. Bf4 (27. Nf7+ Qxf7 28. Bxf7 dxe3 $17) 27... Qe8) 27. Nf7+ Qxf7 28. Bxf7 {[%emt 0:00:00] A strong pair of Bishops.} Nc2 {[%emt 0:00:05] [#]} 29. Rc1 (29. Bd5 $1 $18) 29... Nxe3 $11 {[%emt 0:00:21] Really sharp!} 30. Ba2 Rb2 31. Bb1 Nc4 ({Don't take} 31... exd4 32. fxe3 dxe3 33. Qf4 $14) 32. d5 {[%emt 0:00:00] White is on the road to losing.} ({White should play} 32. Bd3 $15 Nxa5 33. dxe5 dxe5 34. Rc8) 32... Nxa5 {[%emt 0:00:56] Strongly threatening ...Nb3.} 33. Qd8 Nb3 34. Rd1 (34. Qb8 $17 {was the only chance.}) 34... Rf7 (34... Nc5 $142 {aiming for ...Rd7.} 35. Qxd6 Nfd7) 35. f3 $19 Rd7 36. Qc8 (36. Qb8 {is tougher.} a5 37. Ba2) 36... Nc5 37. Bd3 a5 38. Qa8 (38. Qc6 $142 a4 39. Bc4) 38... a4 39. Ba6 a3 (39... Bh6 $142 40. Ra1 Kg8) 40. Bc8 $2 {[%emt 0:00:07] [#]} (40. Bf1 {only move.}) 40... a2 $1 41. Bxd7 Rb1 {[%emt 0:30:03][%mdl 64] Zwischenzug} ({Wrong is} 41... Ncxd7 $2 42. Qa3 Rb1 43. Rf1 $19) 42. Rf1 a1=Q 43. Qxa1 Rxa1 44. Rxa1 Nfxd7 ({Don't go for} 44... Ncxd7 $2 45. Ra6 $19) 45. Ra8+ Bf8 46. Kf2 Kg8 47. Ke3 Kf7 48. g3 Nb6 49. Ra7+ Be7 50. Rc7 (50. h4 $142) 50... Nc4+ 51. Ke2 Na3 52. Ra7 Nb5 53. Ra5 Nd4+ 54. Ke3 Bg5+ 55. f4 Nc2+ 56. Kf3 Bf6 57. Ra7+ Kg8 58. Rc7 Nd4+ 59. Ke3 h5 60. Ra7 h4 61. gxh4 exf4+ 62. Kxf4 Nb5 63. Ra5 Nc3 64. h5 Kg7 65. Ra7+ Kh6 66. hxg6 Kxg6 67. Kg4 N3xe4 68. h4 Nf2+ 69. Kg3 Nce4+ 70. Kf4 Bxh4 71. Rd7 Bg3+ 72. Kf3 Kf6 73. Rxd6+ Bxd6 {[%emt 0:00:00] Black mates.} 74. Ke3 Ke5 75. Kf3 Kxd5 76. Ke3 Ke5 77. Kf3 Bc5 78. Ke2 Kf4 79. Ke1 Kf3 80. Kf1 Ng3+ 81. Kg1 {[%emt 0:00:00] Weighted Error Value: White=0.63/Black=0.41} 0-1

[Event "FRA-ch Teams Top 16-B 2022"]
[Site "Chartres"]
[Date "2022.06.12"]
[Round "4.17"]
[White "Donchenko, Alexander"]
[Black "Erigaisi Arjun"]
[Result "1-0"]
[ECO "E94"]
[WhiteElo "2599"]
[BlackElo "2675"]
[Annotator "TA"]
[PlyCount "87"]
[EventDate "2022.06.09"]
[EventType "team-tourn"]
[EventCountry "FRA"]
[SourceTitle "playchess.com"]
[Source "ChessBase"]
[SourceQuality "1"]
[TimeControl "40/5400+30:1800+30"]

1. c4 Nf6 2. Nf3 g6 3. Nc3 Bg7 4. e4 d6 5. d4 O-O 6. Be2 e5 7. O-O Na6 8. Re1 Bg4 9. Be3 {[%emt 0:04:08] E94: King's Indian: Classical: 6 Be2 e5 7 0-0: Various Black 7th moves.} Bxf3 10. Bxf3 exd4 11. Bxd4 {[%emt 0:00:22] White is slightly better.} Re8 {[%emt 0:00:34] [#]} 12. Rb1 $5 $146 {[%emt 0:10:58][%mdl 8] An interesting novelty.} ({Predecessor:} 12. Qd2 Nc5 13. Rad1 Ne6 14. Be3 h5 15. e5 dxe5 16. Bxb7 Rb8 17. Bc6 Qxd2 18. Rxd2 {0-1 (40) Van Wely,L (2615)-Mamedov,R (2654) chess24.com INT 2020}) 12... c6 13. Be3 Qe7 14. Qd2 Nd7 15. Rbd1 Be5 16. Bg5 Nf6 17. Ne2 Nc5 18. Nd4 a5 19. b3 Qc7 20. g3 Nfd7 21. Bg2 Bf6 22. Bh6 Ne5 23. Qc2 {[%emt 0:01:34] Prevents Ned3.} (23. Qe2 $14) 23... Qb6 $11 24. Nf3 Nxf3+ (24... a4 $15) 25. Bxf3 {[%emt 0:00:03] This bishop pair is nice.} Be5 26. Qd2 Qb4 {[%emt 0:00:59] [#] Hoping for ...Bc3.} 27. Re2 Ne6 28. Be3 Qxd2 29. Rexd2 a4 30. b4 Bc3 31. Rd3 d5 $2 32. Rxd5 $4 (32. exd5 $18 {and all is fine.} cxd5 33. Rxc3) 32... Bxb4 ({Black should play} 32... cxd5 $19 33. exd5 Nf8) 33. Rd7 Bc5 34. Rxb7 Bxe3 35. fxe3 Rab8 36. Rdb1 Rxb7 37. Rxb7 {[%emt 0:00:00][%mdl 4096] Endgame KRB-KRN} Rd8 38. e5 Rd2 39. Bxc6 Rxa2 40. Ra7 Re2 $1 41. Be8 Kf8 (41... Ng5 $1 $11 {keeps the balance.}) 42. Bxf7 $16 {[%emt 0:00:00] White is more active.} ({Of course not} 42. Bxa4 $6 Rxe3 43. Bc6 Rxe5 $11) 42... a3 $2 43. Bxe6 $18 a2 {[%emt 0:00:00] [#]} 44. Rf7+ $1 {[%emt 0:00:00] Weighted Error Value: White=0.31/Black=0.46} ({Not} 44. Kf1 Rb2 $16) 1-0

[Event "FRA-ch Teams Top 16-B 2022"]
[Site "Chartres"]
[Date "2022.06.12"]
[Round "4.18"]
[White "Nihal Sarin"]
[Black "Hamitevici, Vladimir"]
[Result "1-0"]
[ECO "A36"]
[WhiteElo "2646"]
[BlackElo "2482"]
[Annotator "TA"]
[PlyCount "53"]
[EventDate "2022.06.09"]
[EventType "team-tourn"]
[EventCountry "FRA"]
[SourceTitle "playchess.com"]
[Source "ChessBase"]
[SourceQuality "1"]
[TimeControl "40/5400+30:1800+30"]

1. g3 c5 2. Bg2 Nc6 3. c4 g6 4. Nc3 Bg7 5. d3 d6 6. Qd2 {[%emt 0:00:07] A36: Symmetrical English vs ...g6: 4 Bg2 Bg7.} e5 7. e3 Nge7 8. Nge2 {[%emt 0:00:05] The position is equal.} h5 9. h4 Bg4 {[%emt 0:00:28] [#]} 10. b3 $146 ({Predecessor:} 10. Rb1 O-O 11. O-O Qd7 12. Kh2 Rab8 13. b3 a6 14. a4 Nb4 15. d4 Qc7 16. dxc5 dxc5 {0-1 (38) Palin,D (2101)-Scerbin,D (2356) Nalchik 2014}) 10... Bh6 11. Ne4 Kf8 12. Bb2 Nf5 13. f4 (13. O-O $16) 13... Bxe2 14. Qxe2 Bg7 15. O-O-O (15. O-O $16) 15... a5 $14 16. Bh3 $1 {[%emt 0:04:12] And now Rhf1 would win.} a4 17. bxa4 $1 Rxa4 18. Bxf5 gxf5 19. Nc3 Ra6 20. a3 ({White should try} 20. fxe5 $14 dxe5 21. a3) 20... Ne7 (20... exf4 $11 21. gxf4 Bxc3 22. Bxc3 Rg8) 21. Rhf1 (21. Nb5 $14) 21... Rh6 (21... Rg8 $11) 22. Nb5 Qa5 (22... Kg8 $11) 23. e4 $16 fxe4 {[%emt 0:02:06] [#]} 24. fxe5 $1 {[%emt 0:03:53] White is more active.} ({Don't play} 24. dxe4 $6 Nc6 $14) 24... dxe5 25. dxe4 {[%emt 0:01:58] Strongly threatening Bc3.} Qb6 $2 (25... Raf6 $16) 26. Rd7 $18 {[%emt 0:01:53] Hoping for Nc7.} Qe6 (26... Rf6 $18 27. Rxf6 Bxf6) 27. Rd8# {[%emt 0:00:07] Weighted Error Value: White=0.13 (very precise) /Black=0.80} 1-0